Map: Backwater LE

Players

ShaDoWn

  • Race: Protoss Protoss
  • League: Master
  • Spawn Location: 11:00

Beastyqt - Winner!

  • Race: Terran Terran
  • League: Master
  • Spawn Location: 5:00

VOD

Have the link to the VOD?

Description

TVP standard Bio with air defense

Time

  • Played on: Jan. 23, 2018, 5:51 p.m.
  • Length: 21:05
Show
View Real Time Build Order
Export as new Build Order

ShaDoWn Protoss 

Build Orders: 1 Gate Expand, Oracle Opening, Zealot Archon 

Get SALT Encoding   

  12  0:01  Probe  
  13  0:13  Probe  
  14  0:17  Pylon  
  14  0:25  Probe (Chrono Boost)  
  15  0:37  Probe (Chrono Boost)  
  15  0:39  Gateway  
  16  0:44  Probe (Chrono Boost)  
  16  0:46  Assimilator  
  17  0:51  Probe  
  18  1:03  Probe  
  19  1:20  Nexus  
  19  1:22  Probe  
  20  1:32  Cybernetics Core  
  20  1:35  Probe  
  21  1:40  Assimilator  
  21  1:47  Probe  
  21  1:50  Pylon  
  22  1:59  Probe  
  23  2:06  Adept (Chrono Boost)  
  25  2:11  Probe  
  26  2:20  Stargate  
  26  2:24  Probe  
  26  2:25  Adept (Chrono Boost)  
  29  2:32  Probe  
  29  2:36  Warp Gate  
  30  2:37  Probe  
  31  2:44  Probe  
  31  2:58  Probe (Chrono Boost)  
  33  3:00  Probe (Chrono Boost)  
  33  3:05  Oracle  
  36  3:08  Probe (Chrono Boost)  
  36  3:10  Probe (Chrono Boost)  
  37  3:12  Probe (Chrono Boost)  
  38  3:21  Probe (Chrono Boost)  
  38  3:24  Probe (Chrono Boost)  
  40  3:30  Pylon  
  42  3:35  Probe (Chrono Boost)  
  42  3:37  Probe (Chrono Boost)  
  42  3:40  Probe (Chrono Boost)  
  42  3:42  Oracle  
  46  3:48  Probe  
  46  3:50  Gateway x2, Probe  
  46  3:55  Assimilator  
  48  3:59  Assimilator, Twilight Council  
  48  4:00  Probe  
  49  4:03  Probe  
  49  4:06  Forge  
  50  4:14  Probe (Chrono Boost)  
  51  4:18  Probe (Chrono Boost)  
  51  4:19  Pylon x2  
  52  4:26  Protoss Ground Armor Level 1 (Chrono Boost)  
  52  4:29  Probe (Chrono Boost)  
  52  4:30  Probe (Chrono Boost)  
  54  4:34  Charge (Chrono Boost)  
  54  4:35  Probe (Chrono Boost)  
  54  4:37  Probe  
  56  4:47  Sentry, Probe  
  56  4:52  Nexus  
  59  4:53  Pylon  
  59  5:08  Gateway  
  59  5:10  Gateway  
  59  5:11  Gateway  
  59  5:13  Gateway  
  53  5:15  Gateway  
  53  5:19  Oracle  
  56  5:21  Sentry  
  56  5:25  Zealot  
  56  5:27  Zealot  
  62  5:36  Probe x2  
  64  5:47  Pylon  
  64  5:48  Zealot x2, Sentry  
  70  5:50  Probe x2  
  70  5:54  Pylon  
  72  6:07  Zealot x4  
  72  6:08  Zealot  
  72  6:09  Zealot  
  84  6:15  Zealot x2  
  84  6:17  Probe (Chrono Boost)  
  84  6:18  Probe (Chrono Boost)  
  73  6:28  Probe (Chrono Boost)  
  73  6:30  Phoenix, Probe (Chrono Boost)  
  77  6:33  Probe  
  77  6:34  Probe  
  80  6:40  Probe  
  80  6:48  Probe  
  80  6:49  Templar Archives  
  81  7:03  Zealot x2  
  81  7:04  Zealot x4  
  81  7:06  Zealot  
  95  7:09  Pylon  
  91  7:17  Zealot, Probe  
  94  7:34  Zealot x2  
  94  7:35  Zealot x3  
  82  7:50  High Templar x2  
  82  7:51  Stalker  
  66  7:58  Archon  
  66  7:59  Zealot  
  66  8:00  Zealot x4, Protoss Ground Armor Level 2 (Chrono Boost)  
  70  8:08  Probe x3  
  67  8:20  High Templar, Probe x2  
  67  8:21  High Templar x3  
  67  8:24  Archon  
  67  8:26  Archon  
  77  8:30  Probe  
  77  8:32  Probe x2  
  77  8:34  Stalker x2  
  84  8:39  Stalker x2, Blink (Chrono Boost)  
  88  8:43  Probe  
  89  8:48  Probe x2  
  89  8:51  Pylon  
  91  8:58  Probe  
  92  9:04  Probe  
  92  9:05  Assimilator  
  92  9:07  Assimilator  
  92  9:09  Robotics Facility  
  94  9:19  Stalker x2, Probe  
  94  9:20  Stalker  
  94  9:22  Stalker  
  94  9:23  Pylon  
  101  9:24  Zealot  
  101  9:44  Stalker  
  101  9:45  Stalker x4  
  111  9:56  Probe x2  
  113  10:04  Robotics Bay  
  113  10:05  Immortal (Chrono Boost)  
  113  10:06  Robotics Facility  
  114  10:11  Zealot x3  
  123  10:18  Zealot  
  125  10:30  Protoss Ground Armor Level 3  
  125  10:35  Pylon x2  
  125  10:38  Pylon  
  125  10:54  Nexus, Probe (Chrono Boost)  
  125  10:55  Colossus x2 (Chrono Boost)  
  126  11:03  Extended Thermal Lance  
  138  11:11  High Templar  
  140  11:12  High Templar, Zealot x2  
  146  11:22  Pylon  
  146  11:24  Pylon  
  146  11:25  Pylon  
  144  11:33  Colossus (Chrono Boost)  
  144  11:36  Archon  
  148  11:41  Colossus  
  148  11:45  Zealot x2  
  156  11:59  Pylon  
  156  12:00  Pylon  
  156  12:04  Pylon  
  153  12:26  Nexus  
  153  12:29  Pylon  
  147  12:35  Colossus  
  147  12:36  Zealot  
  155  12:37  Zealot x2  
  156  12:44  Pylon  
  147  12:53  Zealot x5  
  151  13:02  Probe x3  
  141  13:16  Templar Archives  
  141  13:17  Stalker, Probe x2 (Chrono Boost)  
  141  13:18  Stalker x2  
  149  13:20  Probe (Chrono Boost)  
  146  13:29  Probe (Chrono Boost)  
  146  13:30  Probe x2 (Chrono Boost)  
  147  13:37  Probe  
  147  13:38  Probe x2  
  147  13:40  Fleet Beacon  
  147  13:41  Stargate  
  150  13:46  Probe  
  150  13:47  Phoenix (Chrono Boost)  
  153  13:49  Protoss Ground Weapons Level 1  
  153  13:54  Stalker  
  149  14:07  Probe x2  
  149  14:16  Probe x2  
  149  14:19  High Templar x3  
  149  14:20  High Templar  
  149  14:24  Probe  
  164  14:36  Tempest (Chrono Boost)  
  164  14:52  Tempest (Chrono Boost)  
  169  14:59  Probe x3  
  164  15:07  Psionic Storm  
  164  15:09  Tempest (Chrono Boost)  
  170  15:35  Tempest  
  176  15:37  Probe x4  
  167  15:44  Assimilator  
  167  15:45  Assimilator  
  154  16:15  Pylon  
  154  16:17  Pylon  
  154  16:20  Pylon  
  154  16:21  Pylon  
  154  16:23  Pylon  
  154  16:24  Pylon  
  154  16:32  Pylon x2  
  154  16:38  Probe x3  
  157  16:43  Tempest  
  163  16:49  Oracle  
  166  17:00  Observer  
  167  17:06  Probe  
  164  17:15  Probe x2  
  164  17:18  Probe  
  165  17:26  Colossus (Chrono Boost)  
  170  17:47  Protoss Ground Weapons Level 2 (Chrono Boost)  
  170  17:52  Nexus  
  170  18:09  Nexus  
  170  18:10  Zealot x3  
  176  18:16  Stalker x2  
  172  18:43  High Templar  
  172  18:44  High Templar x2, Zealot  
  172  18:45  Zealot x2  
  181  18:48  Archon  
  139  19:06  Zealot x2  
  139  19:07  Zealot x2  
  129  19:18  High Templar  
  129  19:19  Probe  
  129  19:20  Probe x2  
  130  19:37  Probe (Chrono Boost)  
  128  19:40  Probe x3 (Chrono Boost)  
  128  19:44  High Templar, Probe (Chrono Boost)  
  131  19:45  Zealot  
  131  19:46  Zealot x3  
  131  19:49  Probe (Chrono Boost)  
  131  19:51  Probe (Chrono Boost)  
  131  19:52  Probe x3 (Chrono Boost)  
  143  19:57  Observer (Chrono Boost)  
  129  20:16  High Templar  
  129  20:17  Zealot x6  
  127  20:45  Zealot  
  127  20:46  Zealot x3  
Show
View Real Time Build Order
Export as new Build Order

Beastyqt Terran - Winner!

Build Orders: Gas First Reaper Expand, Reaper Expand, MMM Bio 

Get SALT Encoding   

  12  0:00  SCV  
  13  0:13  SCV  
  14  0:17  Supply Depot  
  14  0:25  SCV  
  14  0:28  Refinery  
  15  0:39  SCV  
  16  0:44  Barracks  
  16  0:51  SCV  
  17  1:03  SCV  
  18  1:15  SCV  
  19  1:31  Orbital Command, Reaper  
  20  1:42  Command Center  
  20  1:57  Factory, SCV  
  21  2:07  Barracks Reactor  
  21  2:08  Supply Depot  
  21  2:10  SCV  
  22  2:21  Refinery  
  22  2:23  SCV  
  23  2:35  SCV  
  24  2:44  Starport  
  24  2:45  Marine x2  
  24  2:47  SCV  
  27  2:53  Widow Mine  
  27  2:56  Orbital Command  
  29  3:03  Marine x2  
  29  3:05  SCV  
  32  3:15  Widow Mine  
  32  3:19  SCV  
  35  3:21  Marine x2  
  35  3:25  Viking  
  35  3:26  Supply Depot  
  38  3:27  SCV  
  39  3:39  Marine x2  
  41  3:43  SCV  
  41  3:44  SCV  
  43  3:49  Widow Mine, Supply Depot  
  43  3:55  Medivac, SCV  
  48  3:56  SCV  
  48  4:00  Marine x2  
  51  4:08  Barracks  
  51  4:10  SCV  
  51  4:11  Barracks, SCV  
  53  4:20  Supply Depot, Marine x2  
  53  4:22  SCV  
  53  4:23  SCV  
  57  4:24  Factory Tech Lab  
  57  4:32  Engineering Bay  
  57  4:34  SCV  
  58  4:40  SCV  
  58  4:43  Marine x2  
  58  4:44  Starport Tech Lab  
  61  4:46  SCV  
  61  4:47  Supply Depot  
  61  4:52  SCV  
  63  4:56  Factory Reactor  
  63  4:59  Refinery  
  63  5:00  SCV, Refinery  
  63  5:05  SCV  
  65  5:09  Marine x2  
  65  5:12  SCV  
  65  5:13  Terran Infantry Weapons Level 1  
  68  5:16  Supply Depot  
  68  5:17  Ghost Academy, SCV, Starport Reactor  
  68  5:18  Supply Depot  
  69  5:22  Marauder x2  
  69  5:24  Stimpack  
  69  5:25  SCV  
  74  5:29  SCV  
  74  5:34  Combat Shields, Marine x2  
  77  5:38  Widow Mine  
  79  5:45  Widow Mine, Supply Depot  
  79  5:46  Supply Depot, Marine x2  
  83  5:53  Marine x2  
  83  5:55  Medivac x2  
  89  5:59  Supply Depot  
  89  6:04  Ghost  
  89  6:08  Ghost  
  89  6:11  Marine x2  
  95  6:19  Widow Mine x2  
  95  6:33  SCV x2  
  95  6:37  Supply Depot  
  95  6:38  Medivac x2, Marine  
  95  6:39  Marine  
  103  6:41  Marine  
  103  6:42  Command Center  
  103  6:45  SCV  
  105  6:47  SCV, Supply Depot  
  105  6:54  Marine  
  107  6:56  Marine  
  107  6:57  SCV  
  107  6:59  SCV  
  110  7:02  Widow Mine, Marine  
  110  7:03  Widow Mine, Marine  
  116  7:11  Marine  
  117  7:19  Barracks x2  
  117  7:20  Marine  
  115  7:27  SCV  
  115  7:29  Marauder  
  115  7:30  Marauder  
  115  7:31  SCV  
  114  7:42  Marine  
  114  7:43  SCV  
  102  7:46  Widow Mine, Marine  
  102  7:49  SCV  
  102  7:50  Marine  
  100  7:51  Marine  
  100  7:55  SCV  
  97  8:01  Widow Mine, SCV  
  97  8:02  Marine  
  97  8:04  Marine  
  99  8:07  SCV  
  99  8:08  Widow Mine  
  99  8:09  Liberator  
  99  8:12  Missile Turret  
  99  8:13  SCV  
  99  8:14  Terran Infantry Armor Level 1  
  99  8:18  Armory  
  99  8:19  Engineering Bay, SCV  
  100  8:23  Barracks Reactor, Barracks Tech Lab  
  103  8:30  Liberator, SCV  
  103  8:32  Marauder x2  
  108  8:39  SCV  
  108  8:40  Orbital Command  
  109  8:47  Widow Mine x2, Marine x2  
  117  8:49  Marine  
  117  8:54  Marine  
  117  8:55  Refinery x2  
  119  8:56  Marine  
  120  9:05  Marine  
  120  9:07  Marine x2, Marauder  
  120  9:08  Marine  
  126  9:13  Marauder  
  126  9:14  Marine  
  129  9:23  Marine  
  130  9:25  Marine x2  
  130  9:29  Marauder  
  134  9:32  Marine, Marauder  
  134  9:34  SCV, Marauder  
  134  9:35  Terran Infantry Weapons Level 2  
  134  9:36  Terran Ship Weapons Level 1  
  138  9:41  Marine  
  138  9:42  Starport, Fusion Core  
  138  9:49  Ghost  
  138  9:50  Sensor Tower, SCV x2  
  142  9:53  Ghost  
  142  9:56  Ghost, Marine x2  
  148  10:09  Command Center  
  148  10:11  Marine  
  148  10:13  Terran Infantry Armor Level 2  
  149  10:17  Marine, Supply Depot  
  149  10:19  Starport Tech Lab  
  150  10:24  SCV x2  
  150  10:26  Supply Depot  
  150  10:27  Supply Depot  
  152  10:33  Liberator x3  
  152  10:37  Marauder x2  
  153  10:50  Advanced Ballistics  
  153  10:54  Marine x2, Marauder  
  164  10:58  Marauder  
  164  10:59  Marauder  
  164  11:01  SCV x2  
  164  11:02  Missile Turret, Marine x2  
  174  11:04  Widow Mine x2  
  174  11:12  Marine  
  174  11:16  Marauder  
  174  11:18  Marine  
  174  11:19  Liberator x2  
  174  11:20  Marauder x2, Marine  
  174  11:21  Liberator  
  174  11:23  Orbital Command  
  174  11:24  Marine  
  181  11:37  Marauder  
  185  11:55  Marauder  
  185  11:56  Marauder  
  185  11:57  Marine  
  185  11:58  Marine  
  189  12:02  Liberator x2  
  185  12:10  Widow Mine, Marauder, Marine  
  185  12:14  Marine  
  185  12:15  Marine  
  187  12:19  Terran Infantry Weapons Level 3  
  187  12:34  Marauder x2  
  187  12:36  Marine x2  
  187  12:37  Marine x3  
  186  12:54  Liberator x2, Marine x3  
  186  12:55  Liberator  
  181  12:59  Marauder x2, Marine x2  
  171  13:08  Terran Infantry Armor Level 3, Refinery x2  
  171  13:09  Nuke  
  171  13:10  Terran Ship Weapons Level 2  
  171  13:12  Marine  
  181  13:13  Widow Mine, Marine  
  181  13:14  Widow Mine  
  181  13:15  Marine  
  181  13:17  Marine, Marauder  
  190  13:20  Marauder x2  
  182  13:39  SCV x2, Marauder  
  186  13:42  Marauder  
  186  13:43  Command Center, Supply Depot  
  188  13:53  Starport  
  188  13:54  Medivac x2  
  188  13:55  Medivac  
  194  14:01  Barracks x3  
  194  14:17  Marauder x3  
  197  14:19  Widow Mine, Marine  
  200  14:29  High Capacity Fuel Tanks  
  200  14:35  Nuke  
  200  14:37  Ghost Academy  
  200  14:38  Ghost Academy  
  197  14:44  Starport Reactor  
  197  15:05  Barracks Reactor  
  197  15:06  Barracks Tech Lab x2  
  196  15:09  Nuke x2  
  196  15:10  Command Center  
  196  15:23  Marauder x2  
  200  15:36  Liberator  
  189  16:11  Viking x2  
  189  16:12  Viking  
  189  16:13  Planetary Fortress  
  193  16:25  Command Center  
  193  16:29  Nuke x2  
  193  16:30  Moebius Reactor, Terran Ship Weapons Level 3  
  193  16:31  Building Armor  
  193  16:32  Hi-Sec Auto Tracking  
  193  16:40  Command Center  
  193  16:42  Missile Turret  
  187  16:55  Viking x2  
  187  16:56  Viking  
  190  17:16  Planetary Fortress  
  190  17:20  Viking x2  
  194  17:25  Viking x3  
  200  17:30  Refinery x2  
  198  17:47  Missile Turret  
  198  17:50  Viking  
  200  17:51  Missile Turret  
  198  18:01  Planetary Fortress  
  198  18:05  Orbital Command  
  198  18:09  Missile Turret  
  198  18:13  Ghost  
  198  18:16  Concussive Shells  
  193  18:39  Widow Mine, Marauder x3  
  193  18:40  Marine  
  200  18:46  Liberator x2  
  200  18:47  Liberator  
  149  19:08  Terran Vehicle And Ship Armor Level 1  
  149  19:09  Liberator, Marauder  
  148  19:12  Widow Mine, Marauder x2  
  148  19:14  Marine x2, Marauder  
  148  19:15  Marine  
  148  19:16  Marine  
  148  19:17  Marine x2  
  141  19:19  Liberator  
  134  19:29  Liberator  
  134  19:30  Liberator  
  132  19:44  Nuke x2  
  132  19:48  Marauder x2  
  132  19:49  Marine x2  
  144  19:53  Refinery  
  144  19:54  Refinery  
  140  20:03  Command Center  
  139  20:14  Command Center  
  132  20:22  Viking x3  
  134  20:32  Medivac x2  
  137  20:42  Marauder x2  
Tags
 
Add a new tag
Caveats
  • Supply blocks, unpowered buildings, or Contaminate may cause inaccurate times.
  • Supply counts are checked every 10 seconds.